 Dungeon Crawl Stone Soup version 0.31.0-12-g77e489cdc1 (webtiles) character file.

Game seed: 4233885807209756702

583 Doomgape the Trooper (level 7, -8/45 HPs)
             Began as a Gargoyle Fighter on Feb 28, 2024.
             Mangled by an ogre
             ... wielding a +0 giant club
              (11 damage)
             ... on level 4 of the Dungeon.
             The game lasted 00:09:08 (3252 turns).

Doomgape the Trooper (Gargoyle Fighter)             Turns: 3252, Time: 00:09:08

Health: -8/45      AC: 14    Str: 24    XL:     7   Next: 37%
Magic:  0/7        EV: 13    Int:  9    God:
Gold:   158        SH:  4    Dex:  9    Spells: 6/6 levels left

rFire   . . .        a - +0 flail
rCold   + . .        c - +0 buckler
rNeg    + . .        b - +0 scale mail
rPois   ∞            (no helmet)
rElec   +            (no cloak)
rCorr   +            (no gloves)
SInv    .            q - +2 pair of slick slippers {slick, slippery, EV+4}
Will    .....        r - amulet of Daffodils {Spirit rPois rC+ Str+3} Stlth
                     i - ring of resist corrosion
HPRegen 0.27/turn    (no ring)
MPRegen 0.10/turn

%: guardian spirit
@: no status effects
A: sickness immunity, AC +4, negative energy resistance 1, electricity
resistance, torment resistance 1, petrification resistance
a: no special abilities


You were on level 4 of the Dungeon.
You visited 1 branch of the dungeon, and saw 4 of its levels.

You collected 158 gold pieces.

Inventory:

Hand Weapons
 a - a +0 flail (weapon)
Armour
 b - a +0 scale mail (worn)
 c - a +0 buckler (worn)
 q - the +2 pair of slick slippers (worn) {slick, slippery, EV+4}
   (You found it on level 3 of the Dungeon)

   Slick:     Its wearer cannot be constricted, engulfed, netted or webbed.
   Slippery:  Its wearer slips away from damaging melee attacks, pulling the
   attacker onward.
   EV+4:      It affects your evasion (+4).
Jewellery
 i - a ring of resist corrosion (left hand)
 r - the amulet of Daffodils (around neck) {Spirit rPois rC+ Str+3}
   (You found it on level 3 of the Dungeon)

   [amulet of guardian spirit]

   Spirit:    It causes incoming damage to be divided between your reserves of
   health and magic.
   Str+3:     It affects your strength (+3).
   rC+:       It protects you from cold.
   rPois:     It protects you from poison
Wands
 k - a wand of flame (17)
Scrolls
 f - 2 scrolls of noise
 h - a scroll of identify
 m - a scroll of revelation
 t - a scroll of blinking {unknown}
 u - a scroll of enchant weapon {unknown}
Potions
 d - a potion of might
 e - 2 potions of enlightenment
 g - a potion of lignification
 j - a potion of brilliance {unknown}
 l - a potion of heal wounds
 o - a potion of curing {unknown}
 p - a potion of degeneration {unknown}


   Skills:
 + Level 5.9 Fighting
 + Level 4.7 Maces & Flails
 + Level 5.8 Armour
 - Level 3.2 Shields


You had 6 spell levels left.
You didn't know any spells.
Your spell library contained the following spells:

 Spells                   Type           Power      Damage    Failure   Level
 Slow                     Hex            0%         N/A       75%         1
 Blink                    Tloc           0%         N/A       86%         2
 Lesser Beckoning         Tloc           0%         N/A       86%         2
 Momentum Strike          Conj/Tloc      0%         3d8       86%         2
 Confusing Touch          Hex            0%         N/A       98%         3
 Gell's Gravitas          Tloc           0%         N/A       98%         3
 Sigil of Binding         Hex            0%         N/A       98%         3
 Teleport Other           Tloc           0%         N/A       98%         3
 Vampiric Draining        Necr           0%         2d6       98%         3
 Passage of Golubria      Tloc           0%         N/A       100%        4
 Iskenderun's Battlesphe  Conj           0%         2d6       100%        5
 Silence                  Hex/Air        0%         N/A       100%        5
 Bombard                  Conj/Erth      0%         9d1       100%        6
 Spellforged Servitor     Conj/Summ      0%         N/A       100%        7
 Lehudib's Crystal Spear  Conj/Erth      0%         10d2      100%        8


Dungeon Overview and Level Annotations

Branches:
Dungeon (4/15)
 Temple: D:4-7

Altars:
Yredelemnul

Annotations:
D:4 1 transporter, 3 runed translucent doors, Computerfleisch's ghost, novice MiFi; dertzug's ghost, amateur AtFi


Innate Abilities, Weirdness & Mutations

You are immune to sickness and miasma.
Your stone body is resilient. (AC +4)
You are immune to poison.
You resist negative energy. (rN+)
You are resistant to electric shocks. (rElec)
You are resistant to unholy torment.
You are immune to petrification.


Message History

Dertzug's ghost is severely damaged.
Dertzug's ghost hits you but does no damage.
You closely miss dertzug's ghost.
Dertzug's ghost is severely damaged.
Dertzug's ghost closely misses you.
Unknown command.
You closely miss dertzug's ghost.
Dertzug's ghost is severely damaged.
Dertzug's ghost hits you but does no damage.
Dertzug's ghost closely misses you.
You miss dertzug's ghost.
Dertzug's ghost is severely damaged.
Dertzug's ghost hits you but does no damage.
Unknown command.
You closely miss dertzug's ghost.
Dertzug's ghost is severely damaged.
Dertzug's ghost closely misses you.
Unknown command.
You closely miss dertzug's ghost.
Dertzug's ghost is severely damaged.
You block dertzug's ghost's attack.
Unknown command.
You closely miss dertzug's ghost.
Dertzug's ghost is severely damaged.
Dertzug's ghost hits you but does no damage.
You hit dertzug's ghost but do no damage.
Dertzug's ghost is severely damaged.
Dertzug's ghost hits you but does no damage.
Unknown command.
You barely miss dertzug's ghost.
Dertzug's ghost is severely damaged.
Dertzug's ghost hits you!
* * * LOW HITPOINT WARNING * * *
The ogre hits you but does no damage.
Dertzug's ghost hits you but does no damage.
Unknown command.
You hit dertzug's ghost but do no damage.
Dertzug's ghost is severely damaged.
Dertzug's ghost misses you. The ogre hits you with a +0 giant club!
You die...

####.#.#.#..#..................#
#.#.#.#..#...))..©.©=....####
#.#.#.#..#..##################
####.#.#.#..#..#....W?(...©###...
.....#.#.#.....#.#..#.#..#.# #...
######.#.##....#..##...##..# #...
#......#..#..##...##..# #...
######......#..#O#..#.#..#.# ##)#
#...........##.#@WO..©.....# #..
#..######################### #.#
...###########..#..........# ##..
#..'..#W?$#..'.#########<### ####
#..##.#...#.#### #..# #:'.
#####.#+++#.# ##.# ###. #
#.......# #.# ## # ###...### #.#
# #.._..# #.# ###


You could see 2 ogres and dertzug's ghost.

Vanquished Creatures
  An ice beast (D:4)
  A sky beast (D:4)
  An ogre (D:4)
  A centaur zombie (D:4)
  A gnoll bouda (D:4)
  2 orc priests (D:4)
  An iguana (D:4)
  A hound zombie (D:4)
  A gnoll (D:4)
  5 adders
  2 dart slugs (D:1)
  3 ribbon worms
  10 orcs
  6 endoplasms
  9 goblins
  5 hobgoblins
  6 jackals (D:1)
  10 kobolds
  2 quokkas
  5 ball pythons
  5 bats
  2 frilled lizards (D:3)
  5 rats
85 creatures vanquished.

Notes
Turn   | Place    | Note
-------+----------+-------------------------------------------
     0 | D:1      | Doomgape the Gargoyle Fighter began the quest for the Orb.
     0 | D:1      | Reached XP level 1. HP: 14/14 MP: 1/1
   102 | D:1      | Reached XP level 2. HP: 13/19 MP: 2/2
   379 | D:1      | Reached XP level 3. HP: 24/24 MP: 3/3
   879 | D:2      | Reached XP level 4. HP: 28/29 MP: 4/4
  1312 | D:3      | Found the +2 pair of slick slippers {slick, slippery, EV+4}
  1347 | D:3      | Identified the amulet of Daffodils {Spirit rPois rC+ Str+3}
  2180 | D:4      | Noticed an ice beast
  2265 | D:4      | Reached XP level 5. HP: 34/34 MP: 5/5
  2289 | D:4      | Killed an ice beast
  2290 | D:4      | Reached skill level 5 in Fighting
  2290 | D:4      | Reached skill level 5 in Armour
  2290 | D:4      | Reached XP level 6. HP: 33/40 MP: 6/6
  2380 | D:4      | Noticed a sky beast
  2404 | D:4      | Killed a sky beast
  2422 | D:4      | Found a transporter.
  2424 | D:4      | Noticed dertzug's ghost (amateur AtFi)
  2425 | D:4      | Found a transporter.
  2425 | D:4      | Identified the +7 dire flail "Tuklitan" {venom, *Rage Will+
                  | Int+3 Dex+5}
  2731 | D:4      | Reached XP level 7. HP: 40/44 MP: 4/7
  2775 | D:4      | Found a runed translucent gate.
  2776 | D:4      | Found a runed translucent gate.
  2776 | D:4      | Noticed Computerfleisch's ghost (novice MiFi)
  2777 | D:4      | Found a runed translucent gate.
  2779 | D:4      | Found a basalt altar of Yredelemnul.
  3252 | D:4      | Mangled by an ogre

Illustrated notes

Levels and vault maps discovered:
D:1:      dpeg_arrival_solitude, layout_rooms, minmay_quantized
D:2:      layout_rooms
D:3:      layout_loops_ring, grunt_ministairs_8,
          wander_ebering_terrifying_dragon_lair
D:4:      minmay_clustersquares, layout_basic, nicolae_yredelemnul_ghost_church,
          gammafunk_ghost_smash

Skill      XL: |  1  2  3  4  5  6 |
---------------+-------------------+-----
Fighting       | 4 5 |  5.9
Armour         | 4 5 |  5.8
Maces & Flails | 3 4 |  4.7
Shields        | |  3.2

Action                     |  1- 3 |  4- 6 |  7- 9 || total
---------------------------+-------+-------+-------++-------
  Melee: Flail             |   108 |   187 |    45 ||   340
  Evoke: Wand              |       |       |     1 ||     1
    Use: Scroll            |     1 |     4 |     4 ||     9
         Potion            |       |     1 |     3 ||     4
   Stab: Invisible         |       |       |     1 ||     1
 Armour: Scale mail        |    84 |   119 |    31 ||   234
  Dodge: Dodged            |    72 |   106 |    20 ||   198
  Block: Buckler           |    28 |    29 |    10 ||    67
